 Dungeon Crawl Stone Soup version 0.30-a0-149-g7f746667c4 (webtiles) character file.

Game seed: 2272164569916509844

451244 KennySheep the Metallomancer (level 24, -3/175 (206) HPs)
             Began as a Naga Earth Elementalist on Sept 26, 2022.
             Was the Champion of Vehumet.
             Killed by divine providence
             ... invoked by a deep elf high priest
              (10 damage)
             ... while paralysed by a floating eye
             ... on level 5 of the Vaults on Sept 27, 2022.
             The game lasted 07:06:56 (75730 turns).

KennySheep the Metallomancer (NaEE)                Turns: 75730, Time: 07:06:56

HP:   -3/175 (206)  AC: 28    Str: 14    XL:     24   Next: 30%
MP:   36/44         EV:  1    Int: 37    God:    Vehumet [******]
Gold: 2560          SH:  0    Dex: 19    Spells: 6/58 levels left

rFire   + . .      SeeInvis +    b - staff of conjuration
rCold   . . .      Faith    .    F - +4 kite shield of Poor Excuses {+Inv rF+}
rNeg    . . .      Spirit   .    M - +5 steam dragon scales
rPois   +          Reflect  .    q - +0 helmet of Thoughtfulness {Rampage Dex+2}
rElec   .          Harm     .    Z - +1 cloak
rCorr   .          Rampage  +    S - +1 pair of gloves
Will    ++++.                    h - +4 barding
Stlth   ++++++....               W - amulet of the Cuttlefish {RegenMP Str+4 Dex+4 SInv}
HPRegen 0.39/turn                D - ring "Bozuoto" {Will+ Int+4 SInv}
MPRegen 0.69/turn                f - +6 ring of intelligence

@: paralysed, brilliant, very slightly contaminated, hasted, heavily drained,
very slow
A: AC +8, large, see invisible, deformed body, poison resistance, slowness 2,
spit poison 1, naga tail 2
}: 2/15 runes: barnacled, gossamer
a: Spit Poison, Renounce Religion, Evoke Invisibility


You were on level 5 of the Vaults.
You worshipped Vehumet.
Vehumet was exalted by your worship.
You visited 9 branches of the dungeon, and saw 43 of its levels.
You visited 1 bazaar.

You collected 4658 gold pieces.
You spent 2098 gold pieces at shops.

Inventory:

Hand Weapons
 H - the +4 dagger of the Jolly Bones {chaos, +Blink rElec}
   (You found it on level 5 of the Dungeon)

   Each time it hits an enemy it has a different, random effect.
   rElec:     It insulates you from electricity.
   +Blink:    It lets you blink.
Missiles
 N - a throwing net
Armour
 h - a +4 barding (worn)
 q - the +0 helmet of Thoughtfulness (worn) {Rampage Dex+2}
   (You found it on level 2 of the Elven Halls)

   Dex:       It affects your dexterity (+2).
   Rampage:   It bestows one free step when moving towards enemies.
 F - the +4 kite shield of Poor Excuses (worn) {+Inv rF+}
   (You took it off Asterion on level 1 of the Elven Halls)

   rF:        It protects you from fire.
   +Inv:      It lets you turn invisible.
 M - +5 steam dragon scales (worn)
 S - a +1 pair of gloves (worn)
 Z - a +1 cloak (worn)
Magical Staves
 a - a staff of earth
 b - a staff of conjuration (weapon)
Jewellery
 f - a +6 ring of intelligence (right hand)
 o - a ring of positive energy
 t - a ring of willpower
 w - a ring of protection from cold
 y - a +4 ring of slaying
 C - an amulet of magic regeneration
 D - the ring "Bozuoto" (left hand) {Will+ Int+4 SInv}
   (You found it on level 4 of the Dungeon)

   [ring of willpower]

   Int:       It affects your intelligence (+4).
   SInv:      It lets you see invisible.
   Will:      It increases your willpower.
 L - a ring of magical power
 W - the amulet of the Cuttlefish (around neck) {RegenMP Str+4 Dex+4 SInv}
   (You found it on level 4 of the Lair of Beasts)

   [amulet of magic regeneration]

   It increases your rate of magic regeneration.
   Str:       It affects your strength (+4).
   Dex:       It affects your dexterity (+4).
   SInv:      It lets you see invisible.
 X - the ring "Zahozue" {Fly Dex+2}
   (You took it off a deep elf zephyrmancer on level 3 of the Elven Halls)

   [ring of flight]

   Dex:       It affects your dexterity (+2).
   Fly:       It grants you flight.
Wands
 p - a wand of mindburst (27)
 A - a wand of digging (34)
 B - a wand of charming (33)
 G - a wand of light (13)
 P - a wand of flame (35)
 R - a wand of iceblast (18)
 T - a wand of polymorph (14)
Scrolls
 n - a scroll of summoning
 r - 2 scrolls of enchant weapon
 s - 6 scrolls of fog
 u - 4 scrolls of blinking
 z - 3 scrolls of fear
 J - 3 scrolls of silence
 K - 3 scrolls of poison
 O - 3 scrolls of brand weapon
 U - 5 scrolls of teleportation
 V - 4 scrolls of enchant armour
 Y - 5 scrolls of magic mapping
Potions
 d - 6 potions of brilliance
 e - 5 potions of resistance
 g - 11 potions of curing
 i - 2 potions of cancellation
 k - 2 potions of berserk rage
 l - 9 potions of heal wounds
 m - a potion of invisibility
 v - 7 potions of might
 x - 12 potions of flight
 E - 2 potions of magic
 I - 5 potions of mutation
 Q - 7 potions of ambrosia
Miscellaneous
 c - a phantom mirror


   Skills:
 - Level 10.1 Fighting
 - Level 0.1 Short Blades
 - Level 10.0 Staves
 - Level 9.5 Dodging
 - Level 16.0 Stealth
 - Level 6.8 Shields
 * Level 17.5 Spellcasting
 - Level 16.0 Conjurations
 - Level 13.0 Summonings
 - Level 12.6 Translocations
 - Level 9.2 Transmutations
 * Level 21.7 Earth Magic
 - Level 9.4 Evocations


You had 6 spell levels left.
You knew the following spells:

 Your Spells              Type           Power      Damage    Failure   Level
a - Sandblast             Erth           100%       2d20      0%          1
b - Lehudib's Crystal Sp  Conj/Erth      78%        10d17     1%          8
c - Blink                 Tloc           100%       N/A       1%          2
d - Iron Shot             Conj/Erth      78%        9d14      1%          6
e - Spellforged Servitor  Conj/Summ      71%        N/A       1%          7
f - Call Canine Familiar  Summ           100%       N/A       1%          3
g - Lee's Rapid Deconstr  Erth           69%        3d32*     0%          5
h - Shatter               Erth           69%        3d51*     8%          9
i - Passage of Golubria   Tloc           100%       N/A       1%          4
x - Freezing Cloud        Conj/Ice/Air   52%        6-21      1%          5
z - Passwall              Tmut/Erth      100%       N/A       0%          2

Your spell library contained the following spells:

 Spells                   Type           Power      Damage    Failure   Level
 Fire Storm               Conj/Fire      59%        8d15      100%        9
 Magic Dart               Conj           100%       1d8       0%          1
 Summon Small Mammal      Summ           100%       N/A       0%          1
 Searing Ray              Conj           100%       2d8       0%          2
 Stone Arrow              Conj/Erth      100%       3d13      0%          3
 Freeze                   Ice            100%       1d11      1%          1
 Slow                     Hex            100%       N/A       1%          1
 Frozen Ramparts          Ice            96%        1d15      1%          3
 Gell's Gravitas          Tloc           100%       N/A       1%          3
 Kindle Blastsparks       Fire/Tloc/Air  100%       2d18      1%          3
 Lesser Beckoning         Tloc           100%       N/A       1%          3
 Summon Guardian Golem    Hex/Summ       88%        N/A       1%          3
 Teleport Other           Tloc           100%       N/A       1%          3
 Flame Wave               Conj/Fire      100%       2d21      1%          4
 Fulminant Prism          Conj/Hex       59%        3d25      1%          4
 Hailstorm                Conj/Ice       100%       3d20      1%          4
 Iskenderun's Mystic Bla  Conj/Tloc      100%       2d19      1%          4
 Manifold Assault         Tloc           100%       N/A       1%          4
 Petrify                  Tmut/Erth      100%       N/A       1%          4
 Fireball                 Conj/Fire      59%        3d23      1%          5
 Summon Forest            Summ/Tloc      56%        N/A       1%          5
 Yara's Violent Unravell  Hex/Tmut       39%        3d16      2%          5
 Starburst                Conj/Fire      59%        6d16      3%          6
 Summon Mana Viper        Hex/Summ       88%        N/A       4%          5
 Confusing Touch          Hex            48%        N/A       6%          3
 Ozocubu's Armour         Ice            48%        N/A       6%          3
 Vampiric Draining        Necr           48%        2d9       6%          3
 Alistair's Intoxication  Tmut/Pois      52%        N/A       9%          5
 Eringya's Noxious Bog    Tmut/Pois      39%        N/A       13%         6
 Metabolic Englaciation   Hex/Ice        24%        N/A       50%         5
 Simulacrum               Ice/Necr       24%        N/A       97%         6
 Malign Gateway           Summ/Tloc      56%        N/A       9%          7
 Monstrous Menagerie      Summ           57%        N/A       9%          7
 Summon Hydra             Summ           57%        N/A       9%          7
 Summon Horrible Things   Summ           57%        N/A       54%         8
 Storm Form               Tmut/Air       39%        N/A       95%         7
 Enfeeble                 Hex            24%        N/A       100%        7
 Borgnjor's Revivificati  Necr           24%        N/A       100%        8
 Ignition                 Fire           24%        3d8       100%        8
 Dragon's Call            Summ           57%        N/A       100%        9
 Polar Vortex             Ice            24%        N/A       100%        9


Dungeon Overview and Level Annotations

Branches:
Dungeon (15/15)            Temple (1/1) D:5            Lair (5/5) D:9
 Shoals (4/4) Lair:3       Spider (4/4) Lair:2        Slime (0/5) Lair:4
    Orc (2/2) D:9             Elf (3/3) Orc:2        Vaults (5/5) D:13
  Crypt (0/3) Vaults:3     Depths (4/4) D:15            Zot (0/5) Depths:4

Altars:
Ashenzari
Cheibriados
Dithmenos
Elyvilon
Fedhas
Gozag
Hepliaklqana
Kikubaaqudgha
Makhleb
Nemelex Xobeh
Okawaru
Qazlal
Ru
Sif Muna
Trog
Uskayaw
Vehumet
Wu Jian
Xom
Yredelemnul
Zin
The Shining One
Jiyva
Lugonu

Shops:
D:11 [   D:14 (   Orc:2 ([*=   Elf:1 [?   Shoals:1 =   Shoals:2 *   Shoals:4 *
Vaults:1 *   Vaults:5 [!   Depths:3 :

Portals:
Hell: Depths:1 Depths:2 Depths:3 Depths:4
Abyss: Depths:1 Depths:2 Depths:3
Pandemonium: Depths:2
Ziggurat: Depths:2
Trove: D:12 (give 18 potions of curing)

Annotations:
D:8 Pikel
D:10 Harold
D:12 exclusion: 2 hell hounds, Azrael
Lair:5 2 transporters, Dazliare's ghost, journeyman TrDe
Shoals:2 3 runed translucent doors, freelancePsychic's ghost, adept DsVM
Shoals:3 Mara
Spider:3 2 transporters, themarg's ghost, adept DjFE
Elf:2 3 runed translucent doors, Roxanne
Vaults:1 3 runed translucent doors, exclusion: obsidian statue, Pooter's ghost, adept MiFi
Depths:3 3 runed translucent doors
Depths:4 1 exclusion


Innate Abilities, Weirdness & Mutations

Your serpentine skin is tough. (AC +8)
You have supernaturally acute eyesight. (SInv)
Armour fits poorly on your strangely shaped body.
Your system is resistant to poisons. (rPois)
You cover ground very slowly.
You can spit poison.
You can use your snake-like lower body to constrict enemies.


Message History

The tengu reaver casts a spell at you. The bolt of cold misses you.
The phantasmal warrior gestures at you.
The phantasmal warrior blinks!
An ogre mage comes into view. It is wielding a +4 spear.
The yaktaur captain wields a +0 arbalest.
The yaktaur captain shoots a bolt.
You block the bolt.
The vault warden activates a sealing rune.
The ironbound convoker points at the stone giant and mumbles some strange words.
The stone giant seems to grow stronger.
The titan moves out of view.
Casting: Blink (safe; 1% risk of failure)
Confirm with . or Enter, or press ? or * to list all spells.
You feel a surge of power!
You miscast Shatter.
You are very lightly contaminated with residual magic.
The floor shifts beneath you alarmingly.
Your surroundings suddenly seem different.
A floating eye, a deep elf sorcerer and an ironbound preserver come into view.
The ironbound preserver is wielding a +0 morningstar and wearing a +0 ring mail of positive energy.
The ironbound preserver barely misses you.
The deep elf sorcerer gestures wildly while chanting.
The deep elf sorcerer seems to speed up.
You feel yourself speed up. The floating eye seems to glare at you.
The ironbound preserver hits you with a +0 morningstar.
The floating eye gazes piercingly through you!
You suddenly lose the ability to move!
The ironbound preserver hits you but does no damage.
The ironbound preserver casts a spell.
The ironbound preserver begins to accept its allies' injuries.
The shadow dragon breathes negative energy at you.
The bolt of negative energy hits you!!!
You feel drained.
* * * LOW HITPOINT WARNING * * *
A deep elf high priest comes into view. It is wielding a +0 short sword.
The ironbound preserver hits you but does no damage.
The shadow dragon breathes negative energy at you.
The bolt of negative energy hits you!!
You feel drained.
* * * LOW HITPOINT WARNING * * *
The deep elf high priest mumbles some strange prayers to its god against you.
Something smites you!
You die...

....D...[[.....
....c......#.e.
...C.........##
##)#..D.....!?
#....# #....#
#..e.# #....#
#p@..# #....#
#....# #....#
#....# #....#
#....# #....#


You could see a shadow dragon (sheltered, catching breath), an ironbound
preserver, a deep elf sorcerer (fast, sheltered) and a deep elf high priest.

Vanquished Creatures
  A dread lich (Vaults:5)
  An ancient lich (Vaults:5)
  A bone dragon (Depths:4)
  A golden dragon (Depths:4)
  Mlioglotl (Spider:1)
  A walking crystal tome (Depths:3)
  Asterion (Elf:1)
  2 liches
  A deep elf blademaster (Elf:3)
  2 deep elf master archers (Elf:3)
  Polyphemus (Shoals:3)
  A titan (Vaults:5)
  A walking divine tome (Depths:2)
  3 sphinxes
  3 tengu reavers
  A shadow dragon (Depths:2)
  Agnes (D:15)
  6 fire giants
  6 deep elf sorcerers (Elf:3)
  3 frost giants
  2 spectral caustic shrikes (Depths:1)
  8 emperor scorpions
  6 vault wardens
  Aizul (Shoals:3)
  6 ghost moths
  14 ironbound preservers
  An orc warlord (Orc:2)
  A draconian shifter (Depths:4)
  A war gargoyle (Vaults:5)
  2 deep elf elementalists (Elf:3)
  3 draconian stormcallers (Depths:4)
  32 very ugly things
  9 stone giants
  2 spriggan defenders (Depths:3)
  4 ironbound thunderhulks
  2 broodmothers
  A red draconian (Depths:4)
  2 vampire knights
  5 deep elf demonologists
  Nessos (Lair:3)
  2 green draconians (Depths:4)
  3 dire elephants
  3 spark wasps
  7 deep elf annihilators
  6 deep elf death magi
  A blizzard demon (Depths:2)
  6 ettins
  A merfolk javelineer (Shoals:4)
  Josephine (Orc:2)
  5 merfolk impalers
  13 yaktaur captains
  2 entropy weavers
  2 deep elf high priests
  6 fire dragons
  7 great orbs of eyes
  Erolcha (Orc:1)
  5 spriggan air magi
  4 hydras
  4 ice dragons
  Erica (D:8)
  3 ogre magi
  12 centaur warriors
  32 vault guards
  3 merfolk avatars
  2 alligator snapping turtles (Shoals:4)
  A merfolk aquamancer (Shoals:3)
  5 satyrs (Shoals:4)
  A catoblepas (Shoals:3)
  2 radroaches
  9 ironbound frosthearts
  A boulder beetle (Vaults:3)
  An alligator (Shoals:1)
  13 dancing weapons
  16 two-headed ogres
  A tengu warrior (D:15)
  7 deep troll shamans
  6 death yaks
  7 deep troll earth magi
  25 slime creatures
  2 spriggan berserkers
  Nergalle (D:12)
  9 deep elf knights
  5 orc high priests
  5 spriggans
  A soul eater (Depths:2)
  A hell knight (Depths:2)
  A fire crab (shapeshifter) (D:13)
  39 deep trolls
  A sixfirhy (Depths:2)
  6 pharaoh ants
  2 iron trolls (Depths:3)
  4 sea snakes
  10 orb spiders
  3 steelbarb worms
  18 deep elf archers
  4 lindwurms
  3 glowing orange brains
  2 phantasmal warriors
  7 necromancers
  8 orc knights
  2 harpies
  29 deep elf pyromancers
  10 ironbound convokers
  3 wizards
  A tengu zombie (Vaults:4)
  20 wolf spiders
  A tengu skeleton (Vaults:1)
  27 deep elf zephyrmancers
  2 human zombies (Vaults:4)
  10 orc sorcerers
  33 ugly things
  10 manticores
  5 fauns (Shoals:4)
  6 cyclopes
  A nameless horror (D:14)
  A guardian serpent (Lair:5)
  5 merfolk sirens
  8 black mambas
  2 moths of wrath
  3 water nymphs (Shoals:4)
  20 elephants
  3 torpor snails
  2 rust devils (Depths:2)
  18 cane toads
  14 vault sentinels
  2 gargoyles
  A smoke demon (Depths:2)
  4 demonic crawlers
  2 rime drakes
  6 komodo dragons
  15 yaktaurs
  8 kobold demonologists
  An ice devil (Depths:2)
  A freezing wraith (Vaults:2)
  2 trolls (Orc:2)
  2 wind drakes
  A red devil (Depths:2)
  18 merfolk
  9 tarantellas
  2 polar bears (Lair:4)
  A shadow dragon simulacrum (Vaults:4)
  5 hornets
  9 dream sheep
  10 snapping turtles
  12 blink frogs
  An ettin zombie (Vaults:4)
  A blink frog (shapeshifter) (D:14)
  An iron dragon simulacrum (Vaults:4)
  2 shadows
  11 jumping spiders
  A spriggan skeleton (Depths:1)
  7 water elementals
  14 culicivoras
  An ettin skeleton (Depths:1)
  2 air elementals
  6 wraiths
  Eustachio (D:6)
  A spriggan (shapeshifter) (Elf:2)
  3 wyverns
  2 basilisks
  A fire elemental (Elf:2)
  An elf simulacrum (Vaults:4)
  A human (D:13)
  20 redbacks
  A steam dragon (D:8)
  28 yaks
  A chaos spawn (Depths:2)
  6 vampire mosquitoes (D:12)
  4 wargs
  2 neqoxecs (Depths:2)
  3 acid dragons
  24 water moccasins
  A floating eye (shapeshifter) (Vaults:2)
  A sky beast (D:7)
  32 orc warriors
  6 black bears
  9 ogres
  32 wolves
  8 centaurs
  2 lemures
  2 phantoms
  5 kobold brigands
  13 bullfrogs
  A gnoll sergeant (D:7)
  5 scorpions
  2 necrophages
  5 wights (D:7)
  6 killer bees
  14 howler monkeys
  5 electric eels
  25 orc priests
  6 jellies
  A gnoll bouda (D:6)
  6 hounds
  6 iguanas
  Natasha (thrice) (D:3)
  35 orc wizards
  3 hell rats (Lair:5)
  7 gnolls
  15 adders
  A shadow imp (D:6)
  A white imp (D:5)
  A worm (D:2)
  2 dart slugs
  72 orcs
  7 ball pythons
  9 endoplasms
  A giant cockroach (D:3)
  3 goblins
  4 hobgoblins
  11 kobolds
  4 quokkas
  4 bats
  6 rats
1375 creatures vanquished.

Vanquished Creatures (collateral kills)
  Sojobo (Depths:1)
  Arachne (Spider:3)
  A tentacled monstrosity (Depths:2)
  A deep elf blademaster (Elf:3)
  2 sphinxes
  3 tengu reavers
  An iron dragon (Depths:3)
  2 emperor scorpions
  2 deep elf sorcerers (Elf:3)
  3 vault wardens (Vaults:2)
  3 frost giants (Depths:2)
  A draconian stormcaller (Depths:4)
  3 deep elf elementalists (Elf:3)
  4 ironbound preservers
  9 very ugly things
  A spriggan defender (Depths:2)
  3 stone giants
  A deep elf demonologist (Elf:3)
  A deep elf annihilator (Elf:3)
  3 spark wasps
  2 dire elephants
  2 deep elf death magi (Elf:3)
  The ghost of pigah the Stormcaller, a journeyman OpAE of Gozag (Lair:4)
  A merfolk impaler (Shoals:1)
  3 jiangshi (Depths:1)
  A fire dragon (Depths:3)
  A great orb of eyes (Vaults:2)
  3 entropy weavers (Spider:1)
  3 vault guards
  A hydra (Lair:1)
  A radroach (Spider:4)
  An ogre mage (D:15)
  A jorogumo (Spider:1)
  2 two-headed ogres (D:15)
  2 spriggan air magi
  3 ironbound frosthearts
  2 merfolk aquamancers
  A centaur warrior (Vaults:3)
  A boulder beetle (Lair:5)
  2 alligator snapping turtles (Shoals:1)
  A deep troll earth mage (Depths:3)
  4 dancing weapons
  5 death yaks
  A vampire mage (Depths:1)
  A deep troll shaman (Depths:3)
  2 spriggan berserkers
  A tengu warrior (D:15)
  A soul eater (Depths:2)
  4 deep elf knights (Elf:2)
  2 pharaoh ants
  3 iron trolls
  A steelbarb worm (Spider:3)
  17 deep trolls
  A sea snake (Shoals:1)
  4 wizards
  A swamp dragon (shapeshifter) (Depths:3)
  2 deep elf archers
  9 harpies
  A shadow dragon zombie (Depths:1)
  A phantasmal warrior (Depths:3)
  6 deep elf zephyrmancers
  A cyclops (D:14)
  8 deep elf pyromancers
  5 wolf spiders
  21 ugly things
  6 fauns
  6 manticores
  A salamander (D:15)
  A frost giant skeleton (Depths:1)
  A water nymph (Shoals:1)
  2 merfolk sirens
  3 elephants
  3 black mambas (Lair:5)
  2 torpor snails
  3 yaktaurs
  4 demonic crawlers
  A tengu conjurer (D:15)
  8 merfolk
  A wind drake (Shoals:2)
  3 hornets
  5 tarantellas
  7 blink frogs
  5 snapping turtles
  A dream sheep (Shoals:1)
  13 slime creatures
  An ettin zombie (Vaults:1)
  14 culicivoras
  9 water elementals
  16 jumping spiders
  A fire elemental (Elf:2)
  5 wyverns (Lair:5)
  29 redbacks
  A warg (shapeshifter) (D:14)
  6 water moccasins (Lair:5)
  A black bear (Lair:1)
  5 ogres (D:15)
  3 centaurs (D:14)
  6 wolves
  2 human skeletons
  3 hell rats (Lair:5)
  An adder (Lair:1)
362 creatures vanquished.

Vanquished Creatures (others)
  A yellow draconian (Depths:4)
  2 deep elf knights (Elf:2)
  A wolf spider (Spider:1)
  An orc wizard (Orc:1)
  A bush (Lair:4)
  36 fungi
  234 plants
276 creatures vanquished.

Grand Total: 2013 creatures vanquished

Notes
Turn   | Place    | Note
-------+----------+-------------------------------------------
     0 | D:1      | KennySheep the Naga Earth Elementalist began the quest for
                  | the Orb.
     0 | D:1      | Reached XP level 1. HP: 15/15 MP: 3/3
   200 | D:1      | Reached XP level 2. HP: 16/22 MP: 0/5
   203 | D:1      | Learned a level 2 spell: Passwall
   578 | D:1      | Found a faded altar of an unknown god.
  1100 | D:2      | Reached XP level 3. HP: 28/28 MP: 2/6
  1947 | D:3      | Reached XP level 4. HP: 26/36 MP: 1/7
  2118 | D:3      | Noticed Natasha
  2125 | D:3      | Killed Natasha
  2126 | D:3      | Reached skill level 4 in Earth Magic
  2162 | D:3      | Learned a level 3 spell: Stone Arrow
  2656 | D:3      | Reached XP level 5. HP: 42/42 MP: 6/8
  2767 | D:3      | Noticed Natasha
  2769 | D:3      | Killed Natasha
  2904 | D:3      | Noticed Natasha
  2909 | D:3      | Killed Natasha
  3013 | D:4      | Reached XP level 6. HP: 49/49 MP: 7/10
  3646 | D:4      | Reached skill level 5 in Stealth
  3926 | D:4      | Identified the ring "Bozuoto" {Will+ Int+4 SInv}
  3956 | D:4      | Reached skill level 5 in Earth Magic
  4036 | D:5      | Entered Level 5 of the Dungeon
  4270 | D:5      | Reached skill level 1 in Fighting
  4389 | D:5      | Found a staircase to the Ecumenical Temple.
  4411 | Temple   | Entered the Ecumenical Temple
  4617 | Temple   | Became a worshipper of Vehumet
  4740 | D:5      | Reached XP level 7. HP: 57/57 MP: 9/11
  4767 | D:5      | Identified the +4 dagger of the Jolly Bones {chaos, +Blink
                  | rElec}
  4889 | D:5      | Reached skill level 1 in Evocations
  5134 | D:5      | Found a shimmering altar of Xom.
  5201 | D:5      | Reached XP level 8. HP: 65/67 MP: 8/13
  5323 | D:5      | Reached skill level 6 in Earth Magic
  5616 | D:6      | Found a white marble altar of Elyvilon.
  5720 | D:6      | Noticed Eustachio
  5737 | D:6      | Killed Eustachio
  5852 | D:6      | Found a broken altar of Ashenzari.
  6084 | D:6      | Found a burning altar of Makhleb.
  6162 | D:6      | Reached * piety under Vehumet
  6162 | D:6      | Offered knowledge of Shock by Vehumet.
  6359 | D:6      | Reached skill level 7 in Earth Magic
  6359 | D:6      | Reached XP level 9. HP: 76/76 MP: 12/15
  6934 | D:7      | Found an ancient bone altar of Kikubaaqudgha.
  6957 | D:7      | Identified the +1 leather armour "Sesten" {Will+ rCorr
                  | Dex+3}
  6960 | D:7      | Reached skill level 5 in Transmutations
  7247 | D:7      | Offered knowledge of Freeze by Vehumet.
  7263 | D:7      | Reached ** piety under Vehumet
  7295 | D:7      | Learned a level 4 spell: Petrify
  7651 | D:8      | Noticed Erica
  7655 | D:8      | Killed Erica
  7656 | D:8      | Reached skill level 5 in Spellcasting
  7656 | D:8      | Reached skill level 8 in Earth Magic
  7656 | D:8      | Reached XP level 10. HP: 73/87 MP: 14/17
  7672 | D:8      | Paralysed by a hornet for 1 turns
  7911 | D:8      | Noticed Pikel
  8322 | D:8      | Found a viscous altar of Jiyva.
  8469 | D:8      | Offered knowledge of Inner Flame by Vehumet.
  8609 | D:7      | Identified a scroll of acquirement
  8623 | D:7      | Acquired a staff of earth
  9024 | D:9      | Reached skill level 1 in Staves
  9041 | D:9      | Reached skill level 5 in Evocations
  9048 | D:9      | Noticed a kobold demonologist
  9088 | D:9      | Found an ornate altar of the Wu Jian Council.
  9090 | D:9      | Reached *** piety under Vehumet
  9096 | D:9      | Reached skill level 5 in Fighting
  9167 | D:9      | Found a staircase to the Orcish Mines.
  9197 | D:9      | Reached skill level 1 in Conjurations
  9817 | D:9      | Noticed a smoke demon
  9818 | D:9      | Killed a kobold demonologist
 10121 | D:9      | Found a staircase to the Lair.
 10139 | Lair:1   | Entered Level 1 of the Lair of Beasts
 10158 | Lair:1   | Noticed a cane toad
 10193 | D:10     | Entered Level 10 of the Dungeon
 10195 | D:10     | Noticed a kobold demonologist
 10195 | D:10     | Noticed a kobold demonologist
 10195 | D:10     | Noticed a kobold demonologist
 10197 | D:10     | Noticed a smoke demon
 10198 | D:10     | Killed a kobold demonologist
 10198 | D:10     | Offered knowledge of Flame Wave by Vehumet.
 10521 | D:10     | Killed a kobold demonologist
 10550 | D:10     | Noticed an orange demon
 10550 | D:10     | Killed a kobold demonologist
 10551 | D:10     | Reached skill level 10 in Stealth
 10551 | D:10     | Reached XP level 11. HP: 96/96 MP: 16/19
 10632 | D:10     | Noticed a sixfirhy
 10705 | D:10     | Found a glowing silver altar of Zin.
 10799 | D:10     | Reached **** piety under Vehumet
 10847 | D:10     | Offered knowledge of Fireball by Vehumet.
 10854 | D:10     | Learned a level 5 spell: Fireball
 11015 | D:10     | Noticed Harold
 11022 | D:10     | Found a shimmering blue altar of Sif Muna.
 11568 | D:10     | Noticed a two-headed ogre
 11572 | D:10     | Killed a two-headed ogre
 11911 | D:11     | Noticed a two-headed ogre
 11917 | D:11     | Killed a two-headed ogre
 12095 | D:11     | Found Gaamut's Armour Shoppe.
 12371 | D:12     | Found a portal to a secret trove of treasure.
 12827 | D:11     | Noticed a cyclops
 12987 | Lair:1   | Reached skill level 5 in Staves
 13044 | Orc:1    | Entered Level 1 of the Orcish Mines
 13044 | Orc:1    | Noticed an orc knight
 13053 | Orc:1    | Noticed a two-headed ogre
 13054 | Orc:1    | Noticed a two-headed ogre
 13056 | Orc:1    | Killed an orc knight
 13057 | Orc:1    | Noticed a two-headed ogre
 13057 | Orc:1    | Noticed a two-headed ogre
 13328 | D:11     | Killed a cyclops
 13329 | D:11     | Reached XP level 12. HP: 88/105 MP: 19/21
 13678 | D:12     | Noticed Nergalle
 13682 | D:12     | Killed Nergalle
 14070 | D:12     | Noticed Azrael
 14108 | D:12     | You are sucked into a shaft and drop 1 floor!
 14125 | D:13     | Noticed a centaur warrior
 14133 | D:13     | Killed a centaur warrior
 14310 | D:13     | Reached skill level 5 in Conjurations
 14586 | D:13     | Noticed a vault guard
 14586 | D:13     | Noticed a vault guard
 14691 | D:13     | Killed a vault guard
 14767 | D:13     | Killed a vault guard
 14919 | D:13     | Noticed a vault guard
 14921 | D:13     | Reached ***** piety under Vehumet
 14934 | D:13     | Offered knowledge of Spellforged Servitor by Vehumet.
 14946 | D:13     | Learned a level 7 spell: Spellforged Servitor
 14951 | D:13     | Learned a level 3 spell: Call Canine Familiar
 15168 | D:13     | Killed a vault guard
 15248 | D:13     | Reached skill level 1 in Summonings
 15303 | D:13     | Found a gate to the Vaults.
 15303 | D:13     | Noticed a vault guard
 15303 | D:13     | Noticed a vault guard
 15330 | D:13     | Killed a vault guard
 15476 | D:13     | Killed a vault guard
 15720 | D:13     | Noticed a centaur warrior
 15727 | D:13     | Killed a centaur warrior
 15728 | D:13     | Gained mutation: You can use your snake-like lower body to
                  | constrict enemies. [Naga growth]
 15728 | D:13     | Reached XP level 13. HP: 97/115 MP: 18/23
 19051 | Lair:1   | Offered knowledge of Ozocubu's Refrigeration by Vehumet.
 19198 | Lair:1   | Found the +8 whip "Snakebite" {venom, curare, rPois}
 19715 | Lair:2   | Reached skill level 5 in Dodging
 20322 | Lair:2   | Found a hole to the Spider Nest.
 20752 | Lair:3   | Found the +3 giant club "Skullcrusher" {speed, Str+7}
 20837 | Lair:3   | Noticed Nessos
 20970 | Lair:3   | Identified the +1 chain mail of the Raven {rF+ Dex+4
                  | Stlth+}
 21573 | Lair:3   | Reached XP level 14. HP: 123/124 MP: 17/25
 21591 | Lair:3   | Reached skill level 5 in Summonings
 21704 | Lair:3   | Found a staircase to the Shoals.
 21742 | Lair:3   | Killed Nessos
 22627 | Lair:4   | Learned a level 2 spell: Searing Ray
 22645 | Lair:4   | Found a viscous altar of Jiyva.
 22646 | Lair:4   | Found a staircase to the Slime Pits.
 22817 | Lair:4   | Identified the +0 chain mail of Somewhere Else {-Cast rF+++
                  | rC+ rN+}
 23862 | Lair:4   | Found a transporter.
 23867 | Lair:4   | Noticed pigah's ghost (journeyman OpAE)
 23885 | Lair:4   | Found a transporter.
 24149 | Lair:5   | Entered Level 5 of the Lair of Beasts
 24165 | Lair:5   | Found a transporter.
 24365 | Lair:4   | Identified the amulet of the Cuttlefish {RegenMP Str+4
                  | Dex+4 SInv}
 24685 | Orc:1    | Noticed Erolcha
 24689 | Orc:1    | Killed Erolcha
 24700 | Orc:1    | HP: 5/110 [orc sorcerer/bolt of fire (26)]
 24703 | Orc:2    | Entered Level 2 of the Orcish Mines
 25082 | Orc:2    | Found a staircase to the Elven Halls.
 26334 | Orc:2    | Noticed Josephine
 26361 | Orc:2    | Killed Josephine
 26612 | Orc:2    | Noticed an orc warlord
 27478 | Orc:2    | Reached XP level 15. HP: 134/134 MP: 22/27
 27814 | Orc:2    | Killed an orc warlord
 27817 | Orc:2    | HP: 5/134 [orc knight/+0 great sword (15)]
 28726 | Orc:2    | Found Ypten's Antique Armour Shop.
 28727 | Orc:2    | Found Anliam's Antique Weapon Boutique.
 28728 | Orc:2    | Found Eqaskuck's General Store.
 28728 | Orc:2    | Found Rappabax's Jewellery Shop.
 28744 | Orc:2    | Bought a runed hat for 224 gold pieces
 28763 | Orc:2    | Bought a scroll of teleportation for 42 gold pieces
 29629 | Orc:1    | Offered knowledge of Iron Shot by Vehumet.
 29639 | Orc:1    | Learned a level 6 spell: Iron Shot
 30459 | Lair:5   | Found a transporter.
 30460 | Lair:5   | Found a bloodstained altar of Trog.
 30462 | Lair:5   | Noticed Dazliare's ghost (journeyman TrDe)
 30502 | Lair:5   | Reached skill level 10 in Conjurations
 32252 | D:14     | Found Qosarant's Antique Weapon Shoppe.
 32334 | D:15     | Entered Level 15 of the Dungeon
 32564 | D:15     | Reached XP level 16. HP: 141/141 MP: 14/29
 32924 | D:15     | Noticed Agnes
 32930 | D:15     | Killed Agnes
 33026 | D:15     | Reached skill level 10 in Summonings
 33473 | D:15     | Found a staircase to the Depths.
 33939 | Lair:5   | Offered knowledge of Starburst by Vehumet.
 34772 | Lair:5   | Reached skill level 10 in Spellcasting
 36027 | Spider:1 | Entered Level 1 of the Spider Nest
 36085 | Spider:1 | Noticed Mlioglotl
 36095 | Spider:1 | Killed Mlioglotl
 36096 | Spider:1 | Offered knowledge of Eringya's Noxious Bog by Vehumet.
 36677 | Spider:1 | Reached XP level 17. HP: 134/148 MP: 26/31
 38535 | Spider:2 | Learned a level 5 spell: Freezing Cloud
 40225 | Spider:3 | Found a transporter.
 40238 | Spider:3 | Noticed themarg's ghost (adept DjFE)
 40250 | Spider:3 | Found a transporter.
 40303 | Spider:3 | Noticed Arachne
 40310 | Spider:3 | Killed Arachne
 40437 | Spider:3 | Identified the +4 sling of Tayroq {vorpal, rElec Int+2}
 40930 | Spider:4 | Entered Level 4 of the Spider Nest
 40950 | Spider:4 | Offered knowledge of Lightning Bolt by Vehumet.
 41267 | Spider:4 | Reached skill level 1 in Shields
 41541 | Spider:4 | Reached skill level 9 in Earth Magic
 42184 | Shoals:1 | Entered Level 1 of the Shoals
 43014 | Shoals:1 | Identified the +0 robe "Zeabuung" {Str+4 Dex+3}
 43037 | Shoals:1 | Found Tommat's Jewellery Shop.
 43234 | Shoals:1 | Offered knowledge of Maxwell's Capacitive Coupling by
                  | Vehumet.
 43590 | Shoals:1 | Reached XP level 18. HP: 105/157 MP: 6/33
 44566 | Shoals:2 | Found Huaroeni's Assorted Antiques.
 44603 | Shoals:2 | Bought a fuming cyan potion for 34 gold pieces
 44603 | Shoals:2 | Bought a scroll of silence for 361 gold pieces
 44603 | Shoals:2 | Bought a scroll of identify for 76 gold pieces
 44603 | Shoals:2 | Bought a bronze ring for 190 gold pieces
 44603 | Shoals:2 | Bought a potion of heal wounds for 190 gold pieces
 44983 | Shoals:2 | Learned a level 4 spell: Hailstorm
 45008 | Shoals:2 | Found a runed translucent gate.
 45009 | Shoals:2 | Found a runed translucent gate.
 45010 | Shoals:2 | Found a runed translucent gate.
 45011 | Shoals:2 | Noticed freelancePsychic's ghost (adept DsVM)
 45336 | Shoals:3 | Noticed Polyphemus
 45502 | Elf:1    | Entered Level 1 of the Elven Halls
 45752 | Elf:1    | Found Kub Nint's Antique Armour Shoppe.
 45850 | Elf:1    | Identified the +4 kite shield of Poor Excuses {+Inv rF+}
 45850 | Elf:1    | Noticed Asterion
 45862 | Elf:1    | Killed Asterion
 47018 | Elf:1    | Upgraded the game from 0.30-a0-141-g30f27751c5 to
                  | 0.30-a0-149-g7f746667c4
 47035 | Elf:1    | Reached skill level 10 in Earth Magic
 47619 | Elf:1    | Paralysed by an air elemental for 1 turns
 47756 | Elf:1    | Found Hohaoz Lijon's Magic Scroll Emporium.
 48069 | Elf:1    | Got the Atlas of the Unified Salvo
 48119 | Elf:1    | Bought a scroll of silence for 123 gold pieces
 48119 | Elf:1    | Bought a scroll of teleportation for 39 gold pieces
 48119 | Elf:1    | Bought a scroll of fog for 52 gold pieces
 48119 | Elf:1    | Bought 2 scrolls of magic mapping for 195 gold pieces
 48344 | Elf:2    | Reached skill level 15 in Stealth
 48597 | Elf:2    | Reached skill level 5 in Shields
 48713 | Elf:2    | Reached ****** piety under Vehumet
 48713 | Elf:2    | Offered knowledge of Lehudib's Crystal Spear by Vehumet.
 48713 | Elf:2    | Offered knowledge of Fire Storm by Vehumet.
 48713 | Elf:2    | Offered knowledge of Shatter by Vehumet.
 48825 | Elf:2    | Reached XP level 19. HP: 158/165 MP: 29/34
 48937 | Elf:2    | Identified Roxanne's Almanac of Moulding
 48937 | Elf:2    | Noticed Roxanne
 49104 | Elf:2    | Identified the +0 helmet of Thoughtfulness {Rampage Dex+2}
 49299 | Elf:2    | Paralysed by an air elemental for 1 turns
 49519 | Elf:2    | Reached skill level 15 in Conjurations
 49667 | Elf:2    | Found a runed translucent gate.
 49668 | Elf:2    | Found a runed translucent gate.
 49668 | Elf:2    | Found a runed translucent gate.
 49840 | Elf:3    | Entered Level 3 of the Elven Halls
 50200 | Elf:3    | Found an ancient bone altar of Kikubaaqudgha.
 51006 | Elf:3    | Reached skill level 11 in Earth Magic
 51884 | Elf:3    | Identified the amulet "Zafo" {Spirit rElec Regen+}
 51897 | Elf:3    | Got the Textbook on Dislocation
 52050 | Elf:3    | Reached skill level 10 in Fighting
 52162 | Elf:3    | Identified the ring "Zahozue" {Fly Dex+2}
 52207 | Elf:3    | Got the Teachings on Moulding and the Boulder
 52209 | Elf:3    | Got the Tome of Torrid Necromancy
 52216 | Elf:3    | Identified the +7 falchion of Vanity {vorpal, *Rage rPois
                  | Str+3 Stlth+}
 52275 | Elf:3    | Reached skill level 10 in Staves
 52322 | Elf:3    | Identified the +1 quarterstaff of Hard Scrabble {chaos,
                  | *Noise rPois rN+ Str+4}
 52339 | Elf:3    | Got the Quarto of the Spatial Retinue
 52955 | Spider:4 | Reached skill level 1 in Translocations
 53200 | Lair:4   | Killed pigah's ghost
 53475 | Spider:4 | Learned a level 4 spell: Passage of Golubria
 53491 | Spider:4 | Learned a level 8 spell: Lehudib's Crystal Spear
 53505 | Spider:4 | Reached XP level 20. HP: 170/176 MP: 22/36
 53969 | Spider:4 | Reached skill level 12 in Earth Magic
 54302 | Spider:4 | Reached skill level 5 in Translocations
 55053 | Shoals:3 | Killed Polyphemus
 55178 | Shoals:3 | Identified the +8 spear "Lamiroga" {vorpal, *Rage rF+++ rC+
                  | Int+4}
 55404 | Shoals:3 | Noticed Mara
 55516 | Shoals:3 | Noticed Aizul
 55523 | Shoals:3 | Killed Aizul
 55690 | Shoals:4 | Entered Level 4 of the Shoals
 56063 | Shoals:4 | Found Uluopn's Gadget Gallery.
 56207 | Shoals:4 | Identified the +1 scale mail of the King of the Hill {rElec
                  | Dex+4}
 56257 | Shoals:4 | Got a barnacled rune of Zot
 56654 | Shoals:4 | Reached skill level 13 in Earth Magic
 56883 | Shoals:4 | Identified the +6 whip of Roluc {vorpal, *Noise rPois rCorr
                  | Int+6 Dex+3}
 57323 | Vaults:1 | Entered Level 1 of the Vaults
 58912 | Vaults:1 | Reached skill level 10 in Translocations
 59064 | Vaults:1 | Found a runed translucent gate.
 59064 | Vaults:1 | Found a runed translucent gate.
 59064 | Vaults:1 | Found a runed translucent gate.
 59064 | Vaults:1 | Found an opulent altar of Gozag.
 59065 | Vaults:1 | Noticed Pooter's ghost (adept MiFi)
 59066 | Vaults:1 | Found Caomo's Assorted Antiques.
 59653 | Vaults:2 | Reached XP level 21. HP: 180/183 MP: 38/38
 60372 | Vaults:2 | Reached skill level 14 in Earth Magic
 60645 | Vaults:2 | You fall into a shaft and drop 1 floor!
 60708 | Vaults:3 | Found a flickering gateway to a bazaar.
 60725 | Bazaar   | Entered a bazaar
 60739 | Bazaar   | Found Idihy's General Store.
 60739 | Bazaar   | Found Iceihieg's Antique Weapon Shoppe.
 60761 | Bazaar   | Found Koutsit's Magic Scroll Shoppe.
 60777 | Bazaar   | Found Esigegut's Antique Armour Emporium.
 60777 | Bazaar   | Found Noychonn's Jewellery Shoppe.
 60879 | Bazaar   | Bought a scroll of enchant armour for 90 gold pieces
 60879 | Bazaar   | Bought a scroll of blinking for 90 gold pieces
 60893 | Bazaar   | Bought an iridescent rapier for 144 gold pieces
 60893 | Bazaar   | Identified the +8 rapier of Attainder {spect, Contam Str+3
                  | Dex+3} (You bought it in a shop in a bazaar)
 60899 | Bazaar   | Bought a scroll of blinking for 120 gold pieces
 60899 | Bazaar   | Bought a scroll of fear for 64 gold pieces
 60899 | Bazaar   | Bought a scroll of fear for 64 gold pieces
 61560 | Vaults:3 | Found a staircase to the Crypt.
 62291 | Vaults:2 | Reached skill level 15 in Earth Magic
 63264 | Vaults:3 | Reached skill level 15 in Spellcasting
 63274 | Vaults:3 | Learned a level 9 spell: Shatter
 64092 | Vaults:4 | Reached skill level 16 in Earth Magic
 64092 | Vaults:4 | Reached XP level 22. HP: 112/190 MP: 41/41
 64927 | Vaults:4 | Reached skill level 17 in Earth Magic
 66111 | Vaults:4 | Reached skill level 18 in Earth Magic
 66928 | Spider:4 | Got a gossamer rune of Zot
 67231 | Depths:1 | Entered Level 1 of the Depths
 67363 | Depths:1 | Found a gateway to Hell.
 67733 | Depths:1 | Found a sparkling altar of Nemelex Xobeh.
 67764 | Depths:1 | Noticed Sojobo
 67773 | Depths:1 | Killed Sojobo
 67778 | Depths:1 | Reached skill level 19 in Earth Magic
 68787 | Depths:1 | Identified the +2 ring mail of Repulsion {rC+ rN++ Int-4}
 68917 | Depths:1 | Found a corrupted altar of Lugonu.
 68917 | Depths:1 | Found a one-way gate to the infinite horrors of the Abyss.
 69385 | Depths:2 | Reached XP level 23. HP: 143/198 MP: 38/42
 70239 | Depths:2 | Identified the +1 scale mail of Vlad {Harm *Slow rCorr
                  | Int+6}
 70695 | Depths:2 | Found a hazy altar of Hepliaklqana.
 70747 | Depths:2 | Found a one-way gateway to a ziggurat.
 70933 | Depths:2 | Reached skill level 20 in Earth Magic
 71165 | Depths:2 | Found a one-way gate leading to the halls of Pandemonium.
 71459 | Depths:2 | Learned a level 5 spell: Lee's Rapid Deconstruction
 71709 | Depths:3 | Found Tuch's Vocational Training.
 72236 | Depths:3 | Learned a level 2 spell: Blink
 73629 | Depths:3 | Found a runed translucent door.
 73630 | Depths:3 | Found a runed translucent door.
 73631 | Depths:3 | Found a runed translucent door.
 73805 | Depths:4 | Entered Level 4 of the Depths
 73809 | Depths:4 | Noticed a golden dragon
 73814 | Depths:4 | Killed a golden dragon
 74253 | Depths:4 | Reached skill level 21 in Earth Magic
 74879 | Depths:4 | Found a gate to the Realm of Zot.
 74889 | Depths:4 | Reached XP level 24. HP: 162/206 MP: 5/43
 75585 | Vaults:5 | Entered Level 5 of the Vaults
 75586 | Vaults:5 | Noticed a dread lich
 75588 | Vaults:5 | Noticed an ancient lich
 75590 | Vaults:5 | Killed a dread lich
 75590 | Vaults:5 | Killed an ancient lich
 75717 | Vaults:5 | Found Geic's Distillery.
 75717 | Vaults:5 | Found Wampab's Antique Armour Boutique.
 75728 | Vaults:5 | Paralysed by a floating eye for 4 turns
 75730 | Vaults:5 | HP: 7/175 [shadow dragon/bolt of negative energy (35)]
 75730 | Vaults:5 | Killed from afar by a deep elf high priest

Illustrated notes

Levels and vault maps discovered:
D:1:      ncdulo_watergridlock, layout_basic, ebering_ecumenical_altar_mist
D:2:      layout_basic
D:3:      layout_loops_corners, minmay_strange_pillars, minmay_circle_x,
          uniq_natasha
D:4:      layout_loops_corners
D:5:      layout_basic, mainiacjoe_overflow_alcove_2,
          minmay_temple_entry_statues_pillars, guppyfry_early_lair_pool
D:6:      layout_basic, lemuel_doored_altar, cheibrodos_ashenzari_chains,
          lightli_temple_of_fire, st_stairs_10, uniq_eustachio
D:7:      layout_basic, mainiacjoe_overflow_surrounded_room
D:8:      layout_rooms, jiyva_altar_1, uniq_erica, uniq_pikel
D:9:      layout_rooms, lemuel_tele_altar, grunt_lair_entry_orc_guard_hut
D:10:     layout_basic, zin_academy, mainiacjoe_overflow_boulevard, uniq_harold
D:11:     layout_long_grid, serial_shops, nicolae_shop_hallway_stairs,
          item_on_display_a
D:12:     layout_roguey, nicolae_trove_entry_crossroad, uniq_nergalle,
          uniq_azrael
D:13:     layout_loops_cross, grunt_vaults_entry_fortified
D:14:     layout_rooms, kennysheep_cross_bottleneck, serial_shops,
          nicolae_shop_statue_plus, chequers_serial_rivers_micro_d
D:15:     hangedman_depths_entry_try_elsewhere_first, layout_cave_pools,
          chequers_serial_rivers_small_3, uniq_agnes
Temple:   dpeg_chambers_temple
Lair:1:   minmay_guarded_unrand_snakebite, layout_regular_city,
          grunt_forest_large_clearings, lemuel_fruit_fields
Lair:2:   layout_small_grid, spider_nest_entry_web_field, serial_bayou_shore_b
Lair:3:   layout_roguey, minmay_shoals_entry_beasts, beast_lair_carwin_5,
          grunt_megastairs_1, serial_bayou_shore_a, uniq_nessos
Lair:4:   layout_misc_corridors, nicolae_slime_entry_slimehenge,
          gammafunk_ghost_berserking_beasts, st_stairs_7
Lair:5:   hangedman_lair_tendril_chambers, layout_gridlike,
          gammafunk_ghost_wrathful_warriors
Shoals:1: layout_shoals, minmay_shop_enchanted_jewellery,
          nicolae_shoals_goliath_grotto
Shoals:2: layout_shoals, gammafunk_ghost_necromancy, serial_shops,
          nicolae_shop_overgrown_old_shop, nzn_prometheus_bound
Shoals:3: layout_shoals, uniq_aizul, uniq_polyphemus, uniq_mara
Shoals:4: shoals_end_grunt_garden, layout_shoals, nicolae_shop_gadgets
Spider:1: layout_spider_delve, uniq_mlioglotl
Spider:2: layout_chambers, hangedman_spider_tarantella_strand
Spider:3: layout_spider_delve, gammafunk_ghost_arena, uniq_arachne
Spider:4: guppyfry_spider_rune
Orc:1:    layout_caves, uniq_erolcha
Orc:2:    st_orc_congregation, layout_diamond_mine, enter_volcano_1,
          statue_in_the_mist_lemuel, guppyfry_library_mini, uniq_josephine
Elf:1:    minmay_elf_arrival_circle, layout_loops_cross, serial_shops,
          nicolae_shop_statue_plus, nicolae_shop_statue_plus,
          minmay_elf_sorcery, grunt_megastairs_2, uniq_asterion
Elf:2:    nicolae_elf_blades_crystal_corner, layout_gridlike, uniq_roxanne,
          uniq_nikola
Elf:3:    grunt_elf_hall_spiral, layout_loops_corners, basic_altar
Vaults:1: ebering_ghost_gozag, grunt_vaults_trifunnel,
          nicolae_vaults_bisected_exclaves, v_misc_18,
          nicolae_vaults_diagonal_hallway_7, v_misc_25,
          layout_vaults_chaotic_city
Vaults:2: grunt_vaults_hallway_short, hangedman_vaults_unwind, v_pattern_3,
          vaults_dpeg_emergency_exit, hangedman_vaults_cutoff,
          vaults_room_semicircle, nicolae_vaults_little_squares_1, v_misc_27,
          st_cross, vaults_room_pool, layout_vaults_omnicross
Vaults:3: nicolae_vaults_network_star, vaults_standard_mumra_x, v_pattern_4,
          v_misc_11, minmay_crypt_entry_simple_sparse,
          nicolae_vaults_windows_and_doors_thing, v_misc_24,
          ontoclasm_vaults_tryst, vaults_room_semicircle, vaults_room_hallway,
          layout_vaults_omnigrid, serial_shops, bzr_entry_islet
Vaults:4: hangedman_vaults_corner_blocks, v_alt_pattern_6, v_misc_1,
          st_octagons_1, v_misc_32, v_misc_17, v_misc_10, vaults_room_boxed,
          hangedman_vaults_cutoff, v_misc_24, vaults_dpeg_hooks,
          vaults_room_stairs_pillars, layout_vaults_ring
Vaults:5
Depths:1: layout_roguey, pf_hell_entry_tar_river, abyss_entry_flame_altar,
          kennysheep_decorative_pillar, nemelex_altar_shiori, uniq_sojobo
Depths:2: evilmike_pillar_path, layout_cave_pools, enter_ziggurat_f,
          nicolae_hepliaklqana_hazy_memory, hell_entry, abyss_entry_crystal,
          grunt_pan_entry_spiral, uniq_josephina
Depths:3: minmay_the_grid_triangle_9x9_rhombus_full
          [minmay_the_grid_triangle_9x9_zippers_horizontal,
          minmay_the_grid_triangle_9x9_descending_squares,
          minmay_the_grid_triangle_9x9_sprig,
          minmay_the_grid_triangle_9x9_empty,
          minmay_the_grid_triangle_9x9_fully_insulated_deathbox,
          minmay_the_grid_triangle_9x9_tough_junction,
          minmay_the_grid_triangle_9x9_cache,
          minmay_the_grid_triangle_9x9_prize_center], layout_cave_shapes,
          pf_vacation_house_of_asmodeus, abyss_entry,
          nicolae_figureground_sparkle, nicolae_shop_vocational
Depths:4: evilmike_zot_entry_argh, layout_cave_shapes, grunt_hell_entry_dis_old

Skill      XL: |  1  2  3  4  5  6  7  8  9 10 11 12 13 14 15 16 17 18 19 20 21 22 23 24 |
---------------+-------------------------------------------------------------------------+-----
Stealth        | 4 5 6 7 8 10 11 12 13 14 15 16 | 16.0
Transmutations | 2 3 4 5 6 7 8 9 |  9.2
Earth Magic    | 4 5 7 8 9 10 11 13 16 19 21 | 21.7
Spellcasting   | 3 4 5 6 7 8 9 10 11 12 13 15 16 17 | 17.5
Fighting       | 1 2 3 4 5 6 7 8 9 10 | 10.1
Evocations     | 1 3 4 5 7 8 9 |  9.4
Staves         | 3 5 6 7 8 9 10 | 10.0
Conjurations   | 2 3 6 7 9 11 12 14 15 16 | 16.0
Dodging        | 2 3 4 5 6 7 8 9 |  9.5
Summonings     | 2 4 6 9 11 13 | 13.0
Shields        | 2 5 6 |  6.8
Translocations | 2 10 12 | 12.6
Short Blades   | |  0.1

Action                   |  1- 3 |  4- 6 |  7- 9 | 10-12 | 13-15 | 16-18 | 19-21 | 22-24 || total
-------------------------+-------+-------+-------+-------+-------+-------+-------+-------++-------
Melee: Dagger            |    11 |     1 |     2 |     2 |    11 |       |       |       ||    27
       Staff             |       |       |       |    26 |   332 |   439 |   433 |   399 ||  1629
       Punch             |       |       |       |     1 |     8 |     5 |       |       ||    14
       Constrict         |       |       |       |       |    71 |   105 |    90 |    92 ||   358
       Whip              |       |       |       |       |    46 |       |       |       ||    46
 Cast: Sandblast         |    40 |    66 |   134 |   293 |   281 |    41 |     1 |       ||   856
       Passwall          |       |     1 |     1 |    20 |    31 |     9 |     6 |     9 ||    77
       Stone Arrow       |       |       |       |    59 |   393 |    30 |    13 |       ||   495
       Call Canine Famil |       |       |       |       |     2 |     4 |     2 |       ||     8
       Spellforged Servi |       |       |       |       |    11 |    71 |    62 |    42 ||   186
       Iron Shot         |       |       |       |       |     5 |   214 |   267 |    16 ||   502
       Freezing Cloud    |       |       |       |       |       |    37 |    89 |    18 ||   144
       Fireball          |       |       |       |       |       |     4 |       |       ||     4
       Searing Ray       |       |       |       |       |       |     1 |     2 |       ||     3
       Hailstorm         |       |       |       |       |       |       |     1 |       ||     1
       Passage of Golubr |       |       |       |       |       |       |     3 |     1 ||     4
       Lehudib's Crystal |       |       |       |       |       |       |    15 |   176 ||   191
       Lee's Rapid Decon |       |       |       |       |       |       |       |     9 ||     9
       Blink             |       |       |       |       |       |       |       |     7 ||     7
       Shatter           |       |       |       |       |       |       |       |     7 ||     7
 Abil: Spit Poison       |     2 |     1 |     7 |     6 |     1 |       |       |       ||    17
       Evoke Blink       |       |       |     1 |     1 |     5 |     1 |     1 |       ||     9
       Evoke Invisibilit |       |       |       |       |     1 |       |       |       ||     1
Evoke: Wand              |       |       |       |     5 |    23 |     3 |     5 |       ||    36
       Phantom mirror    |       |       |       |       |       |       |       |     1 ||     1
  Use: Potion            |     1 |       |       |     2 |     5 |    10 |     1 |     5 ||    24
       Scroll            |       |     2 |       |    24 |    20 |    12 |    16 |     7 ||    81
 Stab: Sleeping          |     2 |     1 |     2 |     5 |     2 |     7 |    17 |    15 ||    51
       Distracted        |       |       |       |     1 |     2 |     7 |     5 |     5 ||    20
Armor: Leather armour    |    10 |    19 |    31 |    21 |       |       |       |       ||    81
       Steam dragon scal |       |       |       |   182 |   638 |   508 |   207 |   214 ||  1749
Dodge: Dodged            |    11 |     5 |    27 |    99 |   516 |   426 |   168 |   153 ||  1405
Block: Buckler           |       |       |       |       |       |    26 |       |       ||    26
       Kite shield       |       |       |       |       |       |    35 |   407 |   260 ||   702

Table legend: (Time is in decaauts)
 A = Elapsed time spent in this place.
 B = Non-inter-level travel time spent in this place.
 C = Inter-level travel time spent in this place.
 D = Time resting spent in this place.
 E = Time spent auto-exploring this place.
 F = Levels seen in this place.
 G = Mean time per level.
                   A        B        C        D        E       F      G
               +--------+--------+--------+--------+--------+-----+--------+
         Total |  89365 |  78891 |  10474 |  29744 |  35860 |  44 | 2031.0 |
       Dungeon |  26548 |  23526 |   3022 |   7821 |  12277 |  15 | 1769.9 |
        Temple |    317 |    289 |     28 |      0 |    267 |   1 |  317.0 |
          Lair |  12380 |  10626 |   1754 |   4286 |   4631 |   5 | 2476.0 |
        Shoals |   6068 |   5469 |    599 |   1597 |   2662 |   4 | 1517.0 |
   Spider Nest |  10172 |   7975 |   2197 |   3190 |   3516 |   4 | 2543.0 |
  Orcish Mines |   6290 |   5813 |    477 |   3131 |   1374 |   2 | 3145.0 |
   Elven Halls |   8266 |   7597 |    669 |   2929 |   3273 |   3 | 2755.3 |
        Vaults |  10315 |   9377 |    938 |   3103 |   4829 |   5 | 2063.0 |
        Depths |   8691 |   7904 |    787 |   3684 |   2900 |   4 | 2172.8 |
        Bazaar |    314 |    314 |      0 |      0 |    126 |   1 |  314.0 |
               +--------+--------+--------+--------+--------+-----+--------+

Top non-repeatable levels by time:
   Orc:2: 5172 daAuts
    D:13: 3855 daAuts
Spider:3: 3446 daAuts
   Elf:3: 3297 daAuts
   Elf:1: 3050 daAuts
Vaults:4: 3025 daAuts
  Lair:4: 2832 daAuts
Depths:2: 2815 daAuts
     D:9: 2661 daAuts
Vaults:1: 2646 daAuts
  Lair:5: 2551 daAuts
  Lair:1: 2412 daAuts
Spider:2: 2386 daAuts
Spider:1: 2372 daAuts
Vaults:2: 2322 daAuts
